 Dungeon Crawl Stone Soup version 0.24.0-123-gd5b16e6ec5 (webtiles) character file.

Game seed: 10244944919705465999, levelgen mode: deterministic

135 Bluestream the Skirmisher (level 4, -3/42 HPs)
             Began as a Minotaur Fighter on Feb 4, 2020.
             Succumbed to Ijyb's poison gas
             ... on level 3 of the Dungeon.
             The game lasted 00:02:56 (1691 turns).

Bluestream the Skirmisher (Minotaur Fighter)        Turns: 1691, Time: 00:02:57

Health: -3/42      AC:  5    Str: 22    XL:     4   Next: 96%
Magic:  3/3        EV:  8    Int:  5    God:
Gold:   87         SH:  9    Dex:  9    Spells: 3/3 levels left

rFire    . . .     SeeInvis .   a - +0 war axe
rCold    . . .     Gourm    .   c - +0 shield
rNeg     . . .     Faith    .   g - +0 ring mail
rPois    .         Spirit   .   (helmet restricted)
rElec    .         Reflect  .   (no cloak)
rCorr    .         Harm     .   (no gloves)
MR       .....                  (no boots)
Stlth    ..........             (no amulet)
HPRegen  0.14/turn              (no ring)
MPRegen  0.08/turn              (no ring)

@: lethally poisoned (-3 -> -66)
A: retaliatory headbutt, horns 2
a: no special abilities


You were on level 3 of the Dungeon.
You were not hungry.

You visited 1 branch of the dungeon, and saw 3 of its levels.

You collected 87 gold pieces.

Inventory:

Hand Weapons
 a - a +0 war axe (weapon)
Armour
 c - a +0 shield (worn)
 g - a +0 ring mail (worn)
Jewellery
 o - an uncursed ring of protection from fire {unknown}
Scrolls
 b - a scroll of remove curse {unknown}
 i - 2 scrolls of identify {unknown}
 j - a scroll of immolation {unknown}
 k - a scroll of enchant weapon {unknown}
 p - a scroll of fog {unknown}
Potions
 d - 2 potions of might
 e - 2 potions of curing {unknown}
 h - a potion of degeneration {unknown}
 l - a potion of flight {unknown}
 m - a potion of resistance {unknown}
 n - a potion of mutation {unknown}
Comestibles
 f - 9 rations
 q - a chunk of flesh


   Skills:
 + Level 5.4 Fighting
 + Level 4.7 Axes
 - Level 3.6 Armour
 - Level 3.6 Shields


You had 3 spell levels left.
You didn't know any spells.
Your spell library was empty.

Dungeon Overview and Level Annotations

Branches:
Dungeon (3/15)

Altars:

Annotations:
D:3 Ijyb


Innate Abilities, Weirdness & Mutations

You reflexively headbutt those who attack you in melee.
You have a pair of horns on your head.


Message History

Ijyb is nearby!
Ijyb zaps a wand.
Ijyb creates a blast of poison gas!
You are engulfed in poison gas.
You are poisoned.
You feel sick. Ijyb hits you.
You closely miss Ijyb.
You are engulfed in poison gas.
You are more poisoned.
You feel very sick. Ijyb hits you but does no damage. Ijyb closely misses you.
You hit Ijyb.
Ijyb is lightly wounded.
You are engulfed in poison gas.
You are more poisoned.
* * * LOW HITPOINT WARNING * * *
x2 You feel very sick.
Ijyb zaps a wand.
Ijyb creates a blast of noxious fumes!
You slash Ijyb! Your headbutt misses Ijyb.
Ijyb is heavily wounded.
You are engulfed in poison gas.
You are more poisoned.
You die...

. #.##### ...
#.....######..###
#<ยงยงยง@g......
########..### ...
.


You could see Ijyb.

Vanquished Creatures
  Jessica (D:2)
  6 adders (D:2)
  An adder zombie (D:2)
  2 worms (D:2)
  2 dart slugs
  A leopard gecko (D:1)
  A giant cockroach (D:1)
  5 goblins
  3 hobgoblins (D:2)
  4 jackals (D:1)
  4 bats
  2 frilled lizards
  3 giant cockroach zombies (D:2)
  5 kobolds
  7 rats
47 creatures vanquished.

Notes
Turn   | Place    | Note
-------+----------+-------------------------------------------
     0 | D:1      | Bluestream the Minotaur Fighter began the quest for the
                  | Orb.
     0 | D:1      | Reached XP level 1. HP: 19/19 MP: 0/0
     2 | D:1      | Noticed a demonspawn
     4 | D:1      | Noticed a gargoyle
     4 | D:1      | Noticed an elf
     6 | D:1      | Noticed a formicid
     8 | D:1      | Noticed a tengu
     8 | D:1      | Noticed a dwarf
    10 | D:1      | Noticed a vampire
    12 | D:1      | Noticed a demigod
    12 | D:1      | Noticed a vine stalker
    14 | D:1      | Noticed an ogre
    14 | D:1      | Noticed a troll
    16 | D:1      | Noticed a merfolk
    16 | D:1      | Noticed a minotaur
    18 | D:1      | Noticed a naga
    18 | D:1      | Noticed a halfling
    21 | D:1      | Noticed a ghoul
    23 | D:1      | Noticed a draconian
    23 | D:1      | Noticed a spriggan
    25 | D:1      | Noticed a felid
    25 | D:1      | Noticed an octopode
    27 | D:1      | Noticed a centaur
    27 | D:1      | Noticed a human
   109 | D:1      | Reached skill level 4 in Fighting
   109 | D:1      | Reached XP level 2. HP: 27/27 MP: 1/1
   834 | D:2      | Reached XP level 3. HP: 7/34 MP: 2/2
  1253 | D:2      | Reached XP level 4. HP: 41/41 MP: 3/3
  1283 | D:2      | Reached skill level 5 in Fighting
  1349 | D:2      | Noticed Jessica
  1357 | D:2      | Killed Jessica
  1684 | D:3      | Noticed Ijyb
  1690 | D:3      | HP: 2/42 [poisoned by Ijyb (poison gas)]
  1691 | D:3      | Succumbed to Ijyb's poison gas

Levels and vault maps discovered:
D:1:      kb_arrival_jail, layout_basic
D:2:      layout_rooms, serial_undead, serial_undead_e, serial_undead_d,
          serial_undead_c, serial_undead_b, uniq_jessica
D:3:      layout_loops_cross, nemelex_xobeh_ov_fountains_minmay,
          chequers_ecumenical_altar_simple_redux, uniq_sigmund, uniq_grinder,
          uniq_ijyb

Skill      XL: |  1  2  3  4 |
---------------+-------------+-----
Fighting       | 4 5 |  5.4
Axes           | 3 4 |  4.7
Armour         | |  3.6
Shields        | |  3.6

Action                   |  1- 3 |  4- 6 || total
-------------------------+-------+-------++-------
Melee: War axe           |    90 |    39 ||   129
       Headbutt          |     7 |     6 ||    13
  Eat: Chunk             |     1 |     2 ||     3
Armor: Scale mail        |     5 |       ||     5
       Ring mail         |    32 |    11 ||    43
Dodge: Dodged            |    29 |    10 ||    39
Block: Shield            |    45 |    17 ||    62
